 Dungeon Crawl Stone Soup version 0.25-a0-565-g8875c97ebb (webtiles) character file.

Game seed: 491956889041431510, levelgen mode: deterministic

78 DerDa the Firebug (level 4, 0/30 HPs)
             Began as a Demonspawn Fire Elementalist on Feb 26, 2020.
             Killed by divine providence
             ... invoked by an orc priest
              (9 damage)
             ... on level 3 of the Dungeon.
             The game lasted 00:04:38 (1595 turns).

DerDa the Firebug (Demonspawn Fire Elementalist)    Turns: 1595, Time: 00:04:39

Health: 0/30       AC:  2    Str:  9    XL:     4   Next: 15%
Magic:  1/8        EV: 12    Int: 17    God:
Gold:   76         SH:  0    Dex: 13    Spells: 7/8 levels left

rFire    . . .     SeeInvis .   f - +0 hand axe
rCold    . . .     Gourm    .   (no shield)
rNeg     . . .     Faith    .   a - +0 robe
rPois    .         Spirit   .   (no helmet)
rElec    .         Reflect  .   (no cloak)
rCorr    .         Harm     .   (no gloves)
MR       .....                  (no boots)
Stlth    ++........             k - amulet of the acrobat
HPRegen  0.10/turn              (no ring)
MPRegen  0.11/turn              (no ring)

@: very slightly contaminated
A: claws 2
a: no special abilities


You were on level 3 of the Dungeon.
You were hungry.

You visited 1 branch of the dungeon, and saw 3 of its levels.

You collected 76 gold pieces.

Inventory:

Hand Weapons
 f - a +0 hand axe (weapon)
Missiles
 h - 133 stones (quivered)
Armour
 a - a +0 robe (worn)
Jewellery
 k - an amulet of the acrobat (around neck)
Wands
 r - a wand of flame (18)
Scrolls
 d - 2 scrolls of amnesia {unknown}
 e - 3 scrolls of magic mapping {unknown}
 g - 5 scrolls of identify {unknown}
 l - 2 scrolls of remove curse {unknown}
 m - a scroll of fog {unknown}
 s - a scroll of random uselessness {unknown}
Potions
 b - 2 potions of brilliance {unknown}
 j - a potion of lignification {unknown}
 n - a potion of cancellation {unknown}
 o - a potion of degeneration {unknown}
 p - a potion of curing {unknown}
 q - a potion of invisibility {unknown}
Comestibles
 c - 3 rations
 i - 7 chunks of flesh


   Skills:
 - Level 1.7 Dodging
 - Level 1.7 Stealth
 * Level 2.9 Spellcasting
 * Level 2.3 Conjurations
 * Level 3.4 Fire Magic


You had 7 spell levels left.
You knew the following spells:

 Your Spells              Type           Power        Failure   Level  Hunger
a - Foxfire               Conj/Fire      ##..         5%          1    #......

Your spell library contained the following spells:

 Spells                   Type           Power        Failure   Level  Hunger
 Conjure Flame            Conj/Fire      ##......     16%         3    ###....
 Inner Flame              Hex/Fire       #.......     26%         3    ###....
 Sticky Flame             Conj/Fire      ##......     47%         4    #####..
 Fireball                 Conj/Fire      ##........   83%         5    ######.


Dungeon Overview and Level Annotations

Branches:
Dungeon (3/15)

Altars:
Elyvilon
Fedhas
Nemelex Xobeh
Xom
Zin


Innate Abilities, Weirdness & Mutations

You have very sharp fingernails.


Message History

The foxfire hits the orc priest but does no damage.
The orc priest is lightly wounded.
The foxfire hits the orc priest.
The orc priest is moderately wounded.
The foxfire hits the orc priest.
The orc priest is moderately wounded.
Casting: Foxfire (safe; 5% risk of failure)
Confirm with . or Enter, or press ? or * to list all spells.
You conjure some foxfire!
The foxfire hits the orc priest.
The orc priest is heavily wounded.
The orc priest looks satisfied for a moment.
You hit the orc priest but do no damage.
The orc priest is heavily wounded.
The foxfire hits the orc priest.
The orc priest is heavily wounded.
The foxfire hits the orc priest but does no damage.
The orc priest is heavily wounded.
The orc priest calls down the wrath of Beogh upon you.
Beogh smites you!
You die...

.......>......(........###
..####.#..............#.# .
. #...#.##.#.......#.# ..
#...#.##.#..###..#.# r..
#...#.##.#..##...#.###
..####.#.#.#..............#
. ...#.#...#.##..#......###
....##.#.............<#.#.#
#..........)o@§.....#.#.#
#.##.####.....§.........#
#+ #.......÷..÷....#
............÷..##.#
####....#..#......#
#...........##.#
..#.............#
#.#.....####.#.##
#............#


You could see an orc priest.

Vanquished Creatures
  3 adders
  A worm (D:2)
  2 dart slugs
  2 orcs (D:3)
  2 giant cockroaches
  6 goblins
  2 hobgoblins (D:1)
  5 jackals (D:3)
  4 kobolds
  A quokka (D:2)
  A ball python (D:3)
  5 bats
  A frilled lizard (D:2)
  4 rats
39 creatures vanquished.

Vanquished Creatures (others)
  88 foxfires
88 creatures vanquished.

Grand Total: 127 creatures vanquished

Notes
Turn   | Place    | Note
-------+----------+-------------------------------------------
     0 | D:1      | DerDa the Demonspawn Fire Elementalist began the quest for
                  | the Orb.
     0 | D:1      | Reached XP level 1. HP: 13/13 MP: 3/3
   250 | D:1      | Gained mutation: You have sharp fingernails. [demonic
                  | ancestry]
   250 | D:1      | Reached XP level 2. HP: 11/19 MP: 3/5
   566 | D:1      | Reached skill level 3 in Fire Magic
   831 | D:2      | Found a white marble altar of Elyvilon.
  1113 | D:2      | Reached XP level 3. HP: 24/24 MP: 2/6
  1278 | D:2      | Found a glowing silver altar of Zin.
  1357 | D:3      | Found a sparkling altar of Nemelex Xobeh.
  1480 | D:3      | Gained mutation: You have very sharp fingernails. [demonic
                  | ancestry]
  1480 | D:3      | Reached XP level 4. HP: 29/30 MP: 0/8
  1552 | D:3      | Found a blossoming altar of Fedhas.
  1552 | D:3      | Found a shimmering altar of Xom.
  1595 | D:3      | Killed from afar by an orc priest

Levels and vault maps discovered:
D:1:      evilmike_arrival_crescent, layout_basic
D:2:      layout_basic, marbit_many_paths, elyvilon_altar_4
D:3:      layout_basic, tgw_sif, old_standard_altar,
          chequers_temple_overflow_statue_of_worship, first_ration

Skill      XL: |  1  2  3 |
---------------+----------+-----
Fire Magic     | 3 |  3.4
Conjurations   | 2 |  2.3
Dodging        | |  1.7
Stealth        | |  1.7
Spellcasting   | |  2.9

Action                   |  1- 3 |  4- 6 || total
-------------------------+-------+-------++-------
Melee: Hand axe          |    22 |    10 ||    32
 Cast: Foxfire           |    45 |     8 ||    53
  Eat: Chunk             |     2 |       ||     2
Armor: Robe              |     4 |     3 ||     7
Dodge: Dodged            |    18 |     8 ||    26

Table legend:
 A = Non-vault XP
 B = Vault XP
 C = Vault XP percentage of total XP
 D = Non-vault monster count
 E = Vault monster count
 F = Vault count percentage of total count
                 A         B        C        D         E       F
            +---------+---------+-------+---------+---------+-------
      Total |     110 |       2 |   1.8 |      38 |       1 |   2.6
            +---------+---------+-------+---------+---------+-------
        D:1 |      23 |       0 |   0.0 |      12 |       0 |   0.0
        D:2 |      35 |       2 |   5.4 |      12 |       1 |   7.7
        D:3 |      52 |       0 |   0.0 |      14 |       0 |   0.0
            +---------+---------+-------+---------+---------+-------
